 Dungeon Crawl Stone Soup version 0.28.0-55-gcd9437bce4 (webtiles) character file.

Game seed: 11149674065002390626

3 nerdsy the Conjurer (level 1, 0/10 HPs)
             Began as a Deep Elf Conjurer on Jan 1, 2023.
             Slain by a kobold
             ... wielding a +0 dagger
              (1 damage)
             ... on level 1 of the Dungeon.
             The game lasted 00:01:52 (131 turns).

nerdsy the Conjurer (Deep Elf Conjurer)              Turns: 131, Time: 00:01:53

Health: 0/10       AC:  2    Str:  4    XL:     1   Next: 41%
Magic:  6/6        EV: 12    Int: 22    God:
Gold:   0          SH:  0    Dex: 13    Spells: 5/6 levels left

rFire   . . .      SeeInvis .   f - +0 hand axe
rCold   . . .      Faith    .   (no shield)
rNeg    . . .      Spirit   .   a - +0 robe
rPois   .          Reflect  .   (no helmet)
rElec   .          Harm     .   (no cloak)
rCorr   .          Rampage  .   (no gloves)
Will    .....                   (no boots)
Stlth   ++........              (no amulet)
HPRegen 0.03/turn               (no ring)
MPRegen 0.10/turn               (no ring)

@: no status effects
A: no striking features
a: no special abilities


You were on level 1 of the Dungeon.
You visited 1 branch of the dungeon, and saw 1 of its levels.

Inventory:

Hand Weapons
 f - a +0 hand axe (weapon)
Missiles
 b - 7 stones (quivered)
Armour
 a - a +0 robe (worn)
Potions
 c - a potion of attraction {unknown}
 e - 2 potions of curing {unknown}


   Skills:
 + Level 2.4 Dodging
 + Level 2.5 Stealth
 + Level 3.0 Spellcasting
 + Level 4.5 Conjurations


You had 5 spell levels left.
You knew the following spells:

 Your Spells              Type           Power      Damage    Failure   Level
a - Magic Dart            Conj           92%        1d7       1%          1

Your spell library contained the following spells:

 Spells                   Type           Power      Damage    Failure   Level
 Searing Ray              Conj           46%        2d6       3%          2
 Dazzling Flash           Conj/Hex       26%        N/A       14%         3
 Fulminant Prism          Conj/Hex       6%         3d7       43%         4
 Iskenderun's Mystic Bla  Conj/Tloc      13%        2d5       43%         4


Dungeon Overview and Level Annotations

Branches:
Dungeon (1/15)

Altars:


Message History

The giant cockroach completely misses you.
Throw: 13 stones
Press: ? - help, Q - select action, (/) - cycle Shift-Dir - straight line, f - giant cockroach, p - kobold
Aim: a giant cockroach (56% to hit)
You throw a stone. The stone hits the giant cockroach.
The giant cockroach is moderately wounded.
The kobold closely misses you. The giant cockroach bites you.
Throw: 12 stones
Press: ? - help, Q - select action, (/) - cycle Shift-Dir - straight line, f - kobold, p - giant cockroach
Aim: a kobold, wielding a +0 dagger and quivering stones (47% to hit)
You throw a stone. The stone closely misses the kobold.
The kobold hits you but does no damage.
The giant cockroach bites you but does no damage.
Throw: 11 stones
Press: ? - help, Q - select action, (/) - cycle Shift-Dir - straight line, f/p - kobold
Aim: a kobold, wielding a +0 dagger and quivering stones (47% to hit)
You throw a stone. The stone completely misses the kobold.
The giant cockroach bites you but does no damage.
The kobold barely misses you. The giant cockroach bites you.
The kobold hits you with a +0 dagger.
* * * LOW HITPOINT WARNING * * *
Throw: 10 stones
Press: ? - help, Q - select action, (/) - cycle Shift-Dir - straight line, f/p - kobold
Aim: a kobold, wielding a +0 dagger and quivering stones (47% to hit)
You throw a stone. The stone closely misses the kobold.
The giant cockroach barely misses you. The kobold hits you with a +0 dagger.
* * * LOW HITPOINT WARNING * * *
Throw: 9 stones
Press: ? - help, Q - select action, (/) - cycle Shift-Dir - straight line, f/p - kobold
Aim: a kobold, wielding a +0 dagger and quivering stones (47% to hit)
You throw a stone. The stone completely misses the kobold.
The giant cockroach bites you but does no damage.
The kobold misses you.
Throw: 8 stones
Press: ? - help, Q - select action, (/) - cycle Shift-Dir - straight line, f/p - kobold
Aim: a kobold, wielding a +0 dagger and quivering stones (47% to hit)
You throw a stone.
The stone hits the kobold but does no damage.
The giant cockroach misses you. The kobold hits you with a +0 dagger.
You die...

.. .# ##. .# #..#
# .# #.#(# .# # ##
...# .# # ... .(#
.(# # .. #.####..#
###.# #(##B(..#
....# .. #(.@K#
.#### .. ##..###
.####.# ###...#
......# #...#.#
#....######.###..#
..#.####....# ##.#
.##.###..#### .#
###..#..## .#
##...## (#


You could see a giant cockroach and a kobold.

Vanquished Creatures
  A hobgoblin (D:1)
  A ball python (D:1)
  A bat (D:1)
  A rat (D:1)
4 creatures vanquished.

Notes
Turn   | Place    | Note
-------+----------+-------------------------------------------
     0 | D:1      | nerdsy the Deep Elf Conjurer began the quest for the Orb.
     0 | D:1      | Reached XP level 1. HP: 10/10 MP: 6/6
   131 | D:1      | Slain by a kobold

Illustrated notes

Levels and vault maps discovered:
D:1:      minmay_arrival_arboretum_small, layout_rooms,
          shapermc_ecumenical_altar_starsandcircs, minmay_small_reverse_x

Action                   || total
-------------------------++-------
Melee: Hand axe          ||     1
Throw: Stone             ||    14
       Dart              ||    12
Armor: Robe              ||     7
Dodge: Dodged            ||    11
